TOP OF THE 1ST |
Oliver Ames HS Tigers batting - Pitching for John Jay HS Patriots : RHP Eric Robertson
|
Pitching: RHP Eric Robertson
|
|
Batting: LHB William Moody
|
0-0: Ball 1-0: SINGLE (Line Drive, 7S)
|
Batting: RHB Marcos Llevanos
|
0-0: Called Strike 0-1: Ball 1-1: Foul Ball, location: 2F 1-2: Grounds into double play, 4-6-3 (Groundball, 4)
|
Batting: RHB Will Hernández
|
0-0: SINGLE (Flyball, 7)
|
Batting: LHB Manny Martínez
|
0-0: Swinging Strike 0-1: Swinging Strike 0-2: Ball 1-2: Strikes out swinging
|
Top of the 1st over - 0 runs, 2 hits, 0 errors, 1 left on base; Oliver Ames HS 0 - John Jay HS 0 |
BOTTOM OF THE 1ST |
John Jay HS Patriots batting - Pitching for Oliver Ames HS Tigers : RHP Jean-Michel Beaulieu
|
Pitching: RHP Jean-Michel Beaulieu
|
|
Batting: RHB Juan Méndez
|
0-0: Ball 1-0: Swinging Strike 1-1: Called Strike 1-2: Fly out, F8 (Flyball, 8RD)
|
Batting: LHB Robby Lynch
|
0-0: Ball 1-0: Ball 2-0: Ball 3-0: Base on Balls
|
Batting: SHB Luis Peña
|
0-0: Called Strike 0-1: Ball 1-1: Ball 2-1: Fly out, F9 (Flyball, 9D)
|
Batting: LHB Dean Kelly
|
0-0: Ball 1-0: SINGLE (Flyball, 9LM) Robby Lynch to second Runner from 2nd tries for 3rd, SAFE, no throw
|
Batting: RHB Greg Pérez
|
0-0: Foul Ball, location: 2F 0-1: Ball 1-1: Foul Ball, location: 2F 1-2: Ball 2-2: Ball 3-2: DOUBLE (Line Drive, 78S) Robby Lynch scores Dean Kelly to third Dean Kelly scores
|
Batting: SHB José Cuevas
|
0-0: Called Strike 0-1: Swinging Strike 0-2: Foul Ball, location: 2F 0-2: Ball 1-2: Strikes out swinging
|
Bottom of the 1st over - 2 runs, 2 hits, 0 errors, 1 left on base; Oliver Ames HS 0 - John Jay HS 2 |
TOP OF THE 2ND |
Oliver Ames HS Tigers batting - Pitching for John Jay HS Patriots : RHP Eric Robertson
|
Batting: RHB Tom Richter
|
0-0: Called Strike 0-1: Foul Ball, location: 2F 0-2: Ball 1-2: Strikes out swinging
|
Batting: RHB Dave Collins
|
0-0: Called Strike 0-1: Ball 1-1: Swinging Strike 1-2: Ball 2-2: Strikes out swinging
|
Batting: SHB Jorge Árias
|
0-0: Called Strike 0-1: Ball 1-1: Ball 2-1: SINGLE (Line Drive, 6D)
|
Batting: LHB Tony Gillard
|
0-0: Called Strike 0-1: Ball 1-1: Ball 2-1: Ball 3-1: Base on Balls Jorge Árias to second
|
Batting: RHB Jim Brown
|
0-0: Swinging Strike 0-1: Foul Ball, location: 2F 0-2: Foul Ball, location: 2F 0-2: Ball 1-2: Strikes out looking
|
Top of the 2nd over - 0 runs, 1 hit, 0 errors, 2 left on base; Oliver Ames HS 0 - John Jay HS 2 |
BOTTOM OF THE 2ND |
John Jay HS Patriots batting - Pitching for Oliver Ames HS Tigers : RHP Jean-Michel Beaulieu
|
Batting: RHB Vincent Jones
|
0-0: Swinging Strike 0-1: Ball 1-1: Swinging Strike 1-2: Ball 2-2: Ball 3-2: SINGLE (Flyball, 8RS)
|
Batting: RHB José Rodríguez
|
0-0: Foul Ball, location: 2F 0-1: Ball 1-1: Fly out, F9 (Flyball, 9D)
|
Batting: SHB António Villa
|
0-0: Ball 1-0: Ball 2-0: Ball 3-0: Base on Balls Vincent Jones to second
|
Batting: RHB Juan Méndez
|
0-0: Ball 1-0: Ball 2-0: Ball 3-0: Base on Balls Vincent Jones to third António Villa to second
|
Batting: LHB Robby Lynch
|
0-0: Called Strike 0-1: Ball 1-1: Fly out, F8 (Flyball, 89XD) Runner from 3rd tags up, SCORES, no throw
|
Batting: SHB Luis Peña
|
0-0: Called Strike 0-1: Foul Ball, location: 2F 0-2: DOUBLE (Line Drive, 89D) António Villa scores Juan Méndez to third
|
Batting: LHB Dean Kelly
|
0-0: Ball 1-0: Swinging Strike 1-1: Ball 2-1: Ball 3-1: Foul Ball, location: 2F 3-2: Base on Balls
|
Batting: RHB Greg Pérez
|
0-0: Foul Ball, location: 2F 0-1: Ball 1-1: SINGLE (Groundball, 6MD) Juan Méndez scores Luis Peña to third Dean Kelly to second Runner from 3rd tries for Home, SAFE, no throw
|
Batting: SHB José Cuevas
|
0-0: Ball 1-0: Ball 2-0: Called Strike 2-1: Foul Ball, location: 2F 2-2: Ball 3-2: SINGLE (Groundball, 5) (infield hit) Dean Kelly to third Greg Pérez to second
|
Batting: RHB Vincent Jones
|
0-0: Swinging Strike 0-1: Hit by Pitch Dean Kelly scores Greg Pérez to third José Cuevas to second
|
Batting: RHB José Rodríguez
|
0-0: Ball 1-0: Ground out 1-3 (Groundball, P)
|
Bottom of the 2nd over - 5 runs, 4 hits, 0 errors, 3 left on base; Oliver Ames HS 0 - John Jay HS 7 |
TOP OF THE 3RD |
Oliver Ames HS Tigers batting - Pitching for John Jay HS Patriots : RHP Eric Robertson
|
Batting: LHB William Moody
|
0-0: Fly out, F5 (Line Drive, 5)
|
Batting: RHB Marcos Llevanos
|
0-0: Ball 1-0: Ball 2-0: Called Strike 2-1: SINGLE (Groundball, 34) (infield hit)
|
Batting: RHB Will Hernández
|
0-0: Ball 1-0: Foul Ball, location: 2F 1-1: Foul Ball, location: 2F 1-2: Strikes out swinging
|
Batting: LHB Manny Martínez
|
0-0: Ball 1-0: Foul Ball, location: 2F 1-1: SINGLE (Groundball, 6MD) Marcos Llevanos to second Runner from 2nd tries for 3rd, SAFE, no throw
|
Batting: RHB Tom Richter
|
0-0: Ball 1-0: Ball 2-0: Foul Ball, location: 2F 2-1: DOUBLE (Line Drive, 8LD) Marcos Llevanos scores Manny Martínez to third
|
Batting: RHB Dave Collins
|
0-0: Ball 1-0: SINGLE (Line Drive, 7S) Manny Martínez scores Tom Richter to third
|
Batting: SHB Jorge Árias
|
0-0: Swinging Strike 0-1: Swinging Strike 0-2: Ball 1-2: Ground out 4-3 (Groundball, 4)
|
Top of the 3rd over - 2 runs, 4 hits, 0 errors, 2 left on base; Oliver Ames HS 2 - John Jay HS 7 |
BOTTOM OF THE 3RD |
John Jay HS Patriots batting - Pitching for Oliver Ames HS Tigers : RHP Jean-Michel Beaulieu
|
Batting: SHB António Villa
|
0-0: Called Strike 0-1: Ball 1-1: Foul Ball, location: 2F 1-2: Ball 2-2: Ground out 4-3 (Groundball, 4S)
|
Batting: RHB Juan Méndez
|
0-0: Called Strike 0-1: Called Strike 0-2: Fly out, F9 (Line Drive, 89M)
|
Batting: LHB Robby Lynch
|
0-0: Swinging Strike 0-1: Foul Ball, location: 2F 0-2: SOLO HOME RUN (Flyball, 89XD), Distance : 423 ft
|
Batting: SHB Luis Peña
|
0-0: Foul Ball, location: 2F 0-1: Ball 1-1: Hit by Pitch, AND HE CHARGES THE MOUND! The benches clear!
|
Pitching: RHP Gary Trusty
|
|
Pinch Runner at 1st Gunnar Wallace:
|
|
Batting: LHB Dean Kelly
|
0-0: Ball 1-0: Foul Ball, location: 2F 1-1: Fly out, F7 (Flyball, 78D)
|
Bottom of the 3rd over - 1 run, 1 hit, 0 errors, 1 left on base; Oliver Ames HS 2 - John Jay HS 8 |
TOP OF THE 4TH |
Oliver Ames HS Tigers batting - Pitching for John Jay HS Patriots : RHP Eric Robertson
|
Now at 1B: Gunnar Wallace
|
|
Batting: LHB Tony Gillard
|
0-0: Ball 1-0: Called Strike 1-1: Fly out, F6 (Popup, 6M)
|
Batting: RHB Jim Brown
|
0-0: Ball 1-0: Foul Ball, location: 2F 1-1: Ball 2-1: Ball 3-1: Foul Ball, location: 2F 3-2: SINGLE (Flyball, 9S)
|
Batting: LHB William Moody
|
0-0: Fly out, F9 (Flyball, 9LM)
|
Batting: RHB Marcos Llevanos
|
0-0: Fly out, F8 (Flyball, 8LD)
|
Top of the 4th over - 0 runs, 1 hit, 0 errors, 1 left on base; Oliver Ames HS 2 - John Jay HS 8 |
BOTTOM OF THE 4TH |
John Jay HS Patriots batting - Pitching for Oliver Ames HS Tigers : RHP Gary Trusty
|
Batting: RHB Greg Pérez
|
0-0: Ball 1-0: Called Strike 1-1: Ball 2-1: Foul Ball, location: 2F 2-2: Ball 3-2: SOLO HOME RUN (Flyball, 7LD), Distance : 368 ft
|
Batting: SHB José Cuevas
|
0-0: Ball 1-0: Swinging Strike 1-1: Ball 2-1: Ball 3-1: Ground out 6-3 (Groundball, 6)
|
Pitching: RHP Will Jones
|
|
Batting: RHB Vincent Jones
|
0-0: Swinging Strike 0-1: Ball 1-1: Ball 2-1: Ball 3-1: SINGLE (Flyball, 7S)
|
Batting: RHB José Rodríguez
|
0-0: Called Strike 0-1: Called Strike 0-2: Strikes out looking
|
Batting: SHB António Villa
|
0-0: Ball 1-0: Ball 2-0: Ball 3-0: Base on Balls Vincent Jones to second
|
Batting: RHB Juan Méndez
|
0-0: Ball 1-0: Fly out, F5 (Line Drive, 5)
|
Bottom of the 4th over - 1 run, 2 hits, 0 errors, 2 left on base; Oliver Ames HS 2 - John Jay HS 9 |
TOP OF THE 5TH |
Oliver Ames HS Tigers batting - Pitching for John Jay HS Patriots : RHP Eric Robertson
|
Batting: RHB Will Hernández
|
0-0: Ball 1-0: Ball 2-0: Swinging Strike 2-1: Ball 3-1: Base on Balls
|
Batting: LHB Manny Martínez
|
0-0: Ball 1-0: Called Strike 1-1: DOUBLE (Line Drive, 7LD) Will Hernández to third
|
Batting: RHB Tom Richter
|
0-0: Ball 1-0: Ball 2-0: Ball 3-0: Called Strike 3-1: SINGLE (Flyball, 8RS) Will Hernández scores Manny Martínez to third
|
Pitching: RHP Chad Davis
|
|
Batting: RHB Dave Collins
|
0-0: Ball 1-0: Called Strike 1-1: Called Strike 1-2: Grounds into double play, 6-4-3 (Groundball, 6) Manny Martínez scores
|
Batting: SHB Jorge Árias
|
0-0: SINGLE (Groundball, 34D)
|
Batting: LHB Tony Gillard
|
0-0: Called Strike 0-1: Called Strike 0-2: Foul Ball, location: 2F 0-2: Foul Ball, location: 2F 0-2: Ball 1-2: Foul Ball, location: 2F 1-2: Ball 2-2: Ball 3-2: Strikes out looking
|
Top of the 5th over - 2 runs, 3 hits, 0 errors, 1 left on base; Oliver Ames HS 4 - John Jay HS 9 |
BOTTOM OF THE 5TH |
John Jay HS Patriots batting - Pitching for Oliver Ames HS Tigers : RHP Will Jones
|
Batting: LHB Robby Lynch
|
0-0: Swinging Strike 0-1: Swinging Strike 0-2: Ball 1-2: Ground out 5-3 (Groundball, 5)
|
Batting: RHB Gunnar Wallace
|
0-0: Ball 1-0: SINGLE (Line Drive, 8LS)
|
Batting: LHB Dean Kelly
|
0-0: Ball 1-0: Swinging Strike 1-1: Fly out, F8 (Flyball, 8RD)
|
Batting: RHB Greg Pérez
|
0-0: SINGLE (Groundball, 6MD) Gunnar Wallace to second
|
Batting: SHB José Cuevas
|
0-0: Fielders Choice at 2nd, 5-4 (Groundball, 56)
|
Bottom of the 5th over - 0 runs, 2 hits, 0 errors, 2 left on base; Oliver Ames HS 4 - John Jay HS 9 |
TOP OF THE 6TH |
Oliver Ames HS Tigers batting - Pitching for John Jay HS Patriots : RHP Chad Davis
|
Batting: RHB Jim Brown
|
0-0: Ball 1-0: Foul Ball, location: 2F 1-1: Called Strike 1-2: Ball 2-2: Foul Ball, location: 2F 2-2: Ball 3-2: Foul Ball, location: 2F 3-2: Fly out, F9 (Line Drive, 89D)
|
Batting: LHB William Moody
|
0-0: Ball 1-0: Called Strike 1-1: Fly out, F9 (Line Drive, 89M)
|
Batting: RHB Marcos Llevanos
|
0-0: Ball 1-0: Ball 2-0: SINGLE (Flyball, 78S)
|
Batting: RHB Will Hernández
|
0-0: Ball 1-0: Ball 2-0: Foul Ball, location: 2F 2-1: Foul Ball, location: 2F 2-2: Strikes out swinging
|
Top of the 6th over - 0 runs, 1 hit, 0 errors, 1 left on base; Oliver Ames HS 4 - John Jay HS 9 |
BOTTOM OF THE 6TH |
John Jay HS Patriots batting - Pitching for Oliver Ames HS Tigers : RHP Will Jones
|
Batting: RHB Vincent Jones
|
0-0: Called Strike 0-1: Foul Ball, location: 2F 0-2: Foul Ball, location: 2F 0-2: Ball 1-2: Foul Ball, location: 2F 1-2: Ball 2-2: Strikes out swinging
|
Batting: RHB José Rodríguez
|
0-0: Called Strike 0-1: Foul Ball, location: 2F 0-2: Ground out 6-3 (Groundball, 6)
|
Batting: SHB António Villa
|
0-0: Ball 1-0: Swinging Strike 1-1: Called Strike 1-2: Ball 2-2: Strikes out swinging
|
Bottom of the 6th over - 0 runs, 0 hits, 0 errors, 0 left on base; Oliver Ames HS 4 - John Jay HS 9 |
TOP OF THE 7TH |
Oliver Ames HS Tigers batting - Pitching for John Jay HS Patriots : RHP Chad Davis
|
Batting: LHB Manny Martínez
|
0-0: Ball 1-0: Called Strike 1-1: Foul Ball, location: 2F 1-2: Ball 2-2: Strikes out swinging
|
Batting: RHB Tom Richter
|
0-0: Foul Ball, location: 2F 0-1: Ball 1-1: Ball 2-1: Ball 3-1: Called Strike 3-2: Reached on error, E9 (Line Drive, 89M)
|
Batting: RHB Dave Collins
|
0-0: Fly out, F8 (Flyball, 8RM)
|
Batting: SHB Jorge Árias
|
0-0: Called Strike 0-1: Swinging Strike 0-2: Strikes out swinging
|
Top of the 7th over - 0 runs, 0 hits, 1 error, 1 left on base; Oliver Ames HS 4 - John Jay HS 9 |
BOTTOM OF THE 7TH |
John Jay HS Patriots batting - Pitching for Oliver Ames HS Tigers : RHP Will Jones
|
Batting: RHB Juan Méndez
|
0-0: Ball 1-0: Called Strike 1-1: Called Strike 1-2: Strikes out swinging
|
Batting: LHB Robby Lynch
|
0-0: Swinging Strike 0-1: Fly out, F7 (Flyball, 7LD)
|
Batting: RHB Gunnar Wallace
|
0-0: Ball 1-0: Ball 2-0: Swinging Strike 2-1: Fly out, F7 (Flyball, 7)
|
Bottom of the 7th over - 0 runs, 0 hits, 0 errors, 0 left on base; Oliver Ames HS 4 - John Jay HS 9 |
TOP OF THE 8TH |
Oliver Ames HS Tigers batting - Pitching for John Jay HS Patriots : RHP Chad Davis
|
Now at 2B: Kelly Frey
|
|
Batting: LHB Tony Gillard
|
0-0: Ball 1-0: Ball 2-0: Foul Ball, location: 2F 2-1: Foul Ball, location: 2F 2-2: Ground out 6-3 (Groundball, 56)
|
Batting: RHB Jim Brown
|
0-0: Called Strike 0-1: SINGLE (Groundball, 3S) (infield hit)
|
Batting: LHB William Moody
|
0-0: Ball 1-0: Ball 2-0: Called Strike 2-1: Swinging Strike 2-2: Ball 3-2: Foul Ball, location: 2F 3-2: Base on Balls Jim Brown to second
|
Pitching: LHP Darryl Salas
|
|
Batting: RHB Marcos Llevanos
|
0-0: Called Strike 0-1: Ball 1-1: Foul Ball, location: 2F 1-2: Ball 2-2: SINGLE (Groundball, 6MD) Jim Brown to third William Moody to second Runner from 3rd tries for Home, SAFE, throw made home
|
Batting: RHB Will Hernández
|
0-0: Called Strike 0-1: Hit by Pitch William Moody to third Marcos Llevanos to second
|
Batting: LHB Manny Martínez
|
0-0: Ball 1-0: Swinging Strike 1-1: Ball 2-1: Foul Ball, location: 2F 2-2: SINGLE (Groundball, 4MD) William Moody scores Marcos Llevanos to third Will Hernández to second Runner from 3rd tries for Home, SAFE, no throw
|
Pitching: LHP Brendon Root
|
|
Batting: RHB Tom Richter
|
0-0: Called Strike 0-1: Fielders Choice at 2nd, 4-6 (Groundball, 4) Will Hernández to third
|
Batting: RHB Dave Collins
|
0-0: Foul Ball, location: 2F 0-1: Swinging Strike 0-2: Ground out 5-3 (Groundball, 56S)
|
Top of the 8th over - 3 runs, 3 hits, 0 errors, 2 left on base; Oliver Ames HS 7 - John Jay HS 9 |
BOTTOM OF THE 8TH |
John Jay HS Patriots batting - Pitching for Oliver Ames HS Tigers : RHP Will Jones
|
Pitching: RHP Bill Peoples
|
|
Batting: LHB Dean Kelly
|
0-0: Ball 1-0: Fly out, F9 (Flyball, 89S)
|
Batting: RHB Greg Pérez
|
0-0: Ball 1-0: Ball 2-0: Hit by Pitch
|
Batting: SHB José Cuevas
|
0-0: DOUBLE (Line Drive, 78D) Greg Pérez to third
|
Batting: RHB Vincent Jones
|
0-0: Intentional Walk
|
Batting: RHB José Rodríguez
|
0-0: SINGLE (Groundball, 4D) Greg Pérez scores José Cuevas to third Vincent Jones to second
|
Batting: SHB António Villa
|
0-0: Called Strike 0-1: Fly out, F8 (Line Drive, 8RM) Runner from 3rd tags up, OUT at HOME
|
Bottom of the 8th over - 1 run, 2 hits, 0 errors, 2 left on base; Oliver Ames HS 7 - John Jay HS 10 |
TOP OF THE 9TH |
Oliver Ames HS Tigers batting - Pitching for John Jay HS Patriots : LHP Brendon Root
|
Pitching: RHP Javier Trujillo
|
|
Batting: SHB Jorge Árias
|
0-0: Foul Ball, location: 2F 0-1: Ground out 4-3 (Groundball, 4M)
|
Batting: LHB Tony Gillard
|
0-0: Called Strike 0-1: Foul Ball, location: 2F 0-2: Ball 1-2: Foul Ball, location: 2F 1-2: Foul Ball, location: 2F 1-2: Ball 2-2: Foul Ball, location: 2F 2-2: Foul Ball, location: 2F 2-2: Ground out 6-3 (Groundball, 6M)
|
Batting: RHB Jim Brown
|
0-0: Ball 1-0: Ball 2-0: Ball 3-0: Base on Balls
|
Batting: LHB William Moody
|
0-0: Ball 1-0: 2-RUN HOME RUN (Flyball, 9LD), Distance : 354 ft
|
Batting: RHB Marcos Llevanos
|
0-0: Called Strike 0-1: Called Strike 0-2: Foul Ball, location: 2F 0-2: Strikes out swinging
|
Top of the 9th over - 2 runs, 1 hit, 0 errors, 0 left on base; Oliver Ames HS 9 - John Jay HS 10 |
|